 Dungeon Crawl Stone Soup version 0.22.1-2-g9c5b331 (webtiles) character file.

9008 Gearfox the Cleaver (level 11, -10/101 HPs)
             Began as a Hill Orc Fighter on Dec 6, 2018.
             Was an Elder of Trog.
             Mangled by a six-headed hydra (11 damage)
             ... on level 1 of the Lair of Beasts.
             The game lasted 00:41:21 (12174 turns).

Gearfox the Cleaver (Hill Orc Fighter)             Turns: 12174, Time: 00:41:21

Health: -10/101    AC: 18    Str: 23    XL:     11   Next: 39%
Magic:  15/15      EV:  4    Int:  8    God:    Trog [****..]
Gold:   479        SH: 16    Dex: 10    Spells: 10/10 levels left

rFire    . . .     SeeInvis +   a - +1 war axe
rCold    . . .     Gourm    .   c - +2 shield
rNeg     + . .     Faith    .   p - +1 plate armour
rPois    .         Spirit   .   (no helmet)
rElec    .         Reflect  +   l - +2 cloak
rCorr    .         Harm     .   (no gloves)
MR       .....                  (no boots)
Stlth    ..........             t - +5 amulet of reflection
HPRegen  0.26/turn              y - ring of positive energy
MPRegen  0.14/turn              (no ring)

@: marked
A: talons 1, camouflage 1, see invisible, screaming 1
a: Berserk, Trog's Hand, Brothers in Arms, Renounce Religion


You were on level 1 of the Lair of Beasts.
You worshipped Trog.
Trog was greatly pleased with you.
You were not hungry.

You visited 2 branches of the dungeon, and saw 10 of its levels.
You also visited: Sewer.

You collected 479 gold pieces.

Inventory:

Hand Weapons
 a - a +1 war axe (weapon)
 u - a +3 morningstar of protection
 z - a +5 mace
Armour
 b - a +0 scale mail
 c - a +2 shield (worn)
 g - a +0 buckler
 l - a +2 cloak (worn)
 p - a +1 plate armour (worn)
 B - the +2 ring mail of Davop {rN++}
   (You found it on level 7 of the Dungeon)

   It greatly protects you from negative energy.
 E - a +1 ring mail of fire resistance
Jewellery
 n - an uncursed ring of stealth
 t - a +5 amulet of reflection (around neck)
 w - an uncursed amulet of regeneration
 y - a ring of positive energy (left hand)
 C - an uncursed amulet of rage
 I - a cursed ring of teleportation {unknown}
Wands
 m - a wand of disintegration (17)
 o - a wand of scattershot (4)
 v - a wand of iceblast (10)
 F - a wand of digging (28)
 H - a wand of paralysis (10)
 L - a wand of clouds (4)
 M - a wand of flame (33)
Scrolls
 h - 3 scrolls of fear
 i - 3 scrolls of teleportation
 k - a scroll of amnesia
 r - 3 scrolls of magic mapping
 s - 2 scrolls of silence
 D - 2 scrolls of fog
 J - 5 scrolls of remove curse
 K - a scroll of blinking
Potions
 d - 2 potions of might
 j - 3 potions of haste
 q - 4 potions of brilliance
 A - a potion of ambrosia {unknown}
 N - a potion of agility
Comestibles
 f - 15 rations


   Skills:
 * Level 10.7 Fighting
 - Level 14.0(14.6) Axes
 - Level 6.3(10.0) Maces & Flails
 - Level 8.1 Armour
 - Level 3.2 Shields
 + Level 5.6 Evocations


You had 10 spell levels left.
You didn't know any spells.
Your spell library was empty.

Dungeon Overview and Level Annotations

Branches:
Dungeon (8/15)             Temple (0/1) D:5            Lair (2/6) D:8
  Swamp: Lair:2-4    Shoals: Lair:2-4     Snake: Lair:2-4    Spider: Lair:2-4

Altars:
Fedhas
Gozag
Qazlal
Sif Muna
Trog
Vehumet
Wu Jian
Xom
Yredelemnul
Zin

Shops:
D:6 %   D:8 (

Annotations:
Lair:1 3 runed doors, teukkam's ghost, journeyman MiFi


Innate Abilities, Weirdness & Mutations

You have sharp toenails.
Your skin changes colour to match your surroundings (Stealth+).
You have supernaturally acute eyesight. (SInv)
You occasionally shout uncontrollably at your foes.


Message History

* * * LOW HITPOINT WARNING * * *
You block the six-headed hydra's attack.
The six-headed hydra bites you but does no damage.
As you read the scroll of fear, it crumbles to dust.
You assume a fearsome visage.
The porcupine looks frightened!
The water moccasin looks frightened!
The six-headed hydra resists with some effort.
You block the six-headed hydra's attack.
The six-headed hydra bites you!
* * * LOW HITPOINT WARNING * * *
The six-headed hydra barely misses you.
You block the six-headed hydra's attack.
The six-headed hydra bites you but does no damage. x2
Aiming: Paralyse
Press: ? - help, Shift-Dir - straight line, f - six-headed hydra
Aim: a six-headed hydra (chance to defeat MR: 28%)
The six-headed hydra easily resists.
You block the six-headed hydra's attack.
The six-headed hydra bites you!
You die...

#....(.. #P...#..... #.(...W♣###
##.[##.....
###+++###.######...##.....
#..............#....####..
#.###...................... ##
#..S........#..........
#.......(..............
#...........#..........
##....@....####...#####
#####....D..####P.....###
####..##.##....##.#.......#.
####..........r....##.........#
##..................##..........
#...................P#.......##P
#.............[..............###
##....#############.##.....### #
###### #####...#.# #


You could see a six-headed hydra, a water moccasin (fleeing), a porcupine
(fleeing) and teukkam's ghost.

Vanquished Creatures
  Nergalle (Lair:1)
  An unseen horror (D:7)
  Pikel (D:4)
  A black mamba (Lair:1)
  Joseph (D:8)
  A komodo dragon (Lair:1)
  5 blink frogs (Lair:1)
  A hippogriff (D:7)
  3 wyverns
  6 yaks (Lair:1)
  A hungry ghost (D:8)
  Menkaure (D:6)
  A soldier ant (D:7)
  4 water moccasins (Lair:1)
  A porcupine (Lair:1)
  3 orc warriors
  A black bear (D:8)
  3 slaves (D:4)
  3 ogres (D:5)
  2 wolves (Lair:1)
  A centaur (D:5)
  A crocodile (Lair:1)
  A big kobold (D:8)
  7 bullfrogs
  A wyvern zombie (D:6)
  A scorpion (D:6)
  4 wights (D:7)
  2 electric eels (Lair:1)
  A bullfrog zombie (D:6)
  4 crimson imps
  3 jellies
  2 orc priests
  A gnoll shaman (D:5)
  3 hounds
  8 orc wizards
  Jessica (D:2)
  2 centaur skeletons
  2 iguanas
  6 worker ants
  2 hound zombies
  2 howler monkey zombies (D:7)
  6 gnolls
  A howler monkey skeleton (D:4)
  7 river rats (D:4)
  11 adders
  An ooze (D:3)
  2 adder zombies
  2 adder skeletons
  2 worms
  6 dart slugs
  13 leopard geckos
  22 orcs
  2 ball pythons
  7 bats
  11 giant cockroaches
  4 goblins
  8 hobgoblins
  10 jackals
  3 quokkas
  12 frilled lizards
  3 kobolds
  A quokka zombie (D:8)
  23 rats
  A plant (Lair:1)
254 creatures vanquished.

Vanquished Creatures (others)
  A centaur (D:7)
  A worm (D:2)
  A hobgoblin (D:2)
  A fungus (Lair:1)
4 creatures vanquished.

Grand Total: 258 creatures vanquished

Notes
Turn   | Place    | Note
-------+----------+-------------------------------------------
     0 | D:1      | Gearfox the Hill Orc Fighter began the quest for the Orb.
     0 | D:1      | Reached XP level 1. HP: 19/19 MP: 1/1
   100 | D:1      | Reached skill level 3 in Axes
   200 | D:1      | Reached XP level 2. HP: 23/26 MP: 2/2
   230 | D:1      | Reached skill level 4 in Axes
   381 | D:1      | Reached XP level 3. HP: 31/31 MP: 3/3
   875 | D:1      | Reached skill level 5 in Axes
  1394 | D:2      | Reached skill level 6 in Axes
  1394 | D:2      | Reached XP level 4. HP: 36/39 MP: 4/4
  1719 | D:2      | Noticed Jessica
  1733 | D:2      | Killed Jessica
  1733 | D:2      | Reached skill level 7 in Axes
  1733 | D:2      | Reached XP level 5. HP: 31/45 MP: 5/5
  1860 | D:2      | Found a radiant altar of Vehumet.
  1890 | D:2      | Found a shimmering altar of Xom.
  2181 | D:3      | Found a basalt altar of Yredelemnul.
  3053 | D:4      | Found a bloodstained altar of Trog.
  3060 | D:4      | Found an ornate altar of the Wu Jian Council.
  3060 | D:4      | Found a stormy altar of Qazlal.
  3093 | D:4      | Became a worshipper of Trog the Wrathful
  3236 | D:4      | Reached XP level 6. HP: 49/52 MP: 6/6
  3730 | D:4      | Reached skill level 5 in Armour
  4031 | D:4      | Noticed a slave
  4040 | D:4      | Killed a slave
  4041 | D:4      | Noticed a slave
  4062 | D:4      | Killed a slave
  4183 | D:4      | Noticed a slave
  4198 | D:4      | Killed a slave
  4403 | D:4      | Noticed Pikel
  4405 | D:4      | Noticed a slave
  4427 | D:4      | Killed Pikel
  4427 | D:4      | Reached XP level 7. HP: 61/63 MP: 7/7
  4517 | D:4      | Reached * piety under Trog
  4517 | D:4      | Reached XP level 8. HP: 50/70 MP: 8/8
  4756 | D:5      | Entered Level 5 of the Dungeon
  4931 | D:5      | Found a staircase to the Ecumenical Temple.
  5124 | D:5      | Found a glowing drain.
  5143 | Sewer    | Entered a sewer
  5342 | Sewer    | Reached ** piety under Trog
  5485 | Sewer    | Reached skill level 1 in Evocations
  5715 | D:5      | Found a glowing silver altar of Zin.
  6273 | D:5      | Reached skill level 8 in Axes
  6273 | D:5      | Reached XP level 9. HP: 23/81 MP: 10/10
  6652 | D:6      | Found Liefeore's Food Shop.
  7039 | D:6      | Reached skill level 9 in Axes
  7133 | D:6      | Found an opulent altar of Gozag.
  7316 | D:6      | Noticed Menkaure
  7324 | D:6      | Killed Menkaure
  7491 | D:6      | Found a deep blue altar of Sif Muna.
  7714 | D:6      | Gained mutation: Your skin changes colour to match your
                  | surroundings (Stealth+). [potion of mutation]
  7714 | D:6      | Gained mutation: You have supernaturally acute eyesight.
                  | (SInv) [potion of mutation]
  7714 | D:6      | Gained mutation: You occasionally shout uncontrollably at
                  | your foes. [potion of mutation]
  7714 | D:6      | Gained mutation: You have sharp toenails. [potion of
                  | mutation]
  7989 | D:7      | Reached skill level 10 in Axes
  7993 | D:7      | Reached *** piety under Trog
  8104 | D:7      | Noticed an unseen horror
  8137 | D:7      | Killed an unseen horror
  8137 | D:7      | Reached skill level 11 in Axes
  8200 | D:7      | Reached skill level 12 in Axes
  8280 | D:7      | Reached XP level 10. HP: 86/88 MP: 12/12
  8516 | D:7      | Found a blossoming altar of Fedhas.
  8644 | D:7      | Got a twisted ring mail
  8918 | D:7      | Reached skill level 13 in Axes
  9328 | D:8      | Noticed Joseph
  9336 | D:8      | Killed Joseph
  9408 | D:8      | Identified the +2 ring mail of Davop {rN++} (You found it
                  | on level 7 of the Dungeon)
  9454 | D:8      | Found Wineh's Antique Weapon Emporium.
  9581 | D:8      | Reached skill level 14 in Axes
  9725 | D:8      | Reached **** piety under Trog
 10028 | D:8      | Found a staircase to the Lair.
 10085 | Lair:1   | Entered Level 1 of the Lair of Beasts
 10419 | Lair:1   | Reached skill level 5 in Evocations
 10698 | Lair:1   | Reached skill level 1 in Maces & Flails
 10977 | Lair:1   | Reached XP level 11. HP: 53/99 MP: 15/15
 10989 | Lair:1   | Reached skill level 10 in Fighting
 11285 | Lair:1   | Found a runed gate.
 11286 | Lair:1   | Found a runed gate.
 11286 | Lair:1   | Noticed Nergalle
 11331 | Lair:1   | Killed Nergalle
 11480 | Lair:1   | Found a runed gate.
 11481 | Lair:1   | Noticed teukkam's ghost (journeyman MiFi)
 11570 | Lair:1   | Reached skill level 5 in Maces & Flails
 11648 | Lair:1   | HP: 5/101 [blink frog (7)]
 12156 | Lair:2   | Noticed a six-headed hydra
 12173 | Lair:1   | HP: 1/101 [six-headed hydra (7)]
 12174 | Lair:1   | Mangled by a six-headed hydra

Skill      XL: |  1  2  3  4  5  6  7  8  9 10 11 |
---------------+----------------------------------+-----
Axes           | 3 4 6 7 8 12 14 | 14.0
Fighting       | 4 6 8 9 10 | 10.7
Armour         | 4 7 8 |  8.1
Evocations     | 2 3 5 |  5.6
Maces & Flails | 3 6 |  6.3
Shields        | |  3.2

Action                   |  1- 3 |  4- 6 |  7- 9 | 10-12 || total
-------------------------+-------+-------+-------+-------++-------
Melee: War axe           |   114 |   239 |   352 |   171 ||   876
       Kick              |       |       |    25 |    84 ||   109
       Mace              |       |       |       |   138 ||   138
Invok: Berserk           |       |       |     2 |     6 ||     8
       Trog's Hand       |       |       |       |     4 ||     4
Evoke: Wand              |       |       |       |     6 ||     6
  Use: Scroll            |     5 |     4 |    15 |     6 ||    30
       Potion            |       |       |     1 |     2 ||     3
 Stab: Paralysed         |       |       |       |     2 ||     2
  Eat: Chunk             |     2 |     9 |     5 |    11 ||    27
       Ration            |       |     1 |     2 |     4 ||     7
Armor: Scale mail        |    73 |    73 |    82 |       ||   228
       Plate armour      |       |       |    79 |   267 ||   346
Dodge: Dodged            |    45 |    86 |    73 |    87 ||   291
Block: Shield            |    80 |   138 |   247 |   406 ||   871
       Reflection        |       |       |       |     6 ||     6
